 Dungeon Crawl Stone Soup version 0.20.1-1-g8b1a95d (webtiles) character file.

3598 Mimshu the Spear-Bearer (level 10, 0/84 HPs)
             Began as a Hill Orc Fighter on Nov 30, 2017.
             Was a Believer of Makhleb.
             Slain by a komodo dragon (5 damage)
             ... on level 8 of the Dungeon.
             The game lasted 00:25:37 (8685 turns).

Mimshu the Spear-Bearer (Hill Orc Fighter)          Turns: 8685, Time: 00:25:38

Health: 0/84       AC: 14    Str: 23    XL:     10   Next: 10%
Magic:  1/1        EV: 16    Int: 20    God:    Makhleb [**....]
Gold:   556        SH: 16    Dex: 15    Spells: 9/9 levels left

rFire    + . .     SeeInvis +   x - +8 spear of Viosisch {flame, *Slow MP-9 Int+9 SInv}
rCold    . . .     Gourm    .   c - +0 shield
rNeg     + . .     Faith    .   R - +2 ring mail of Sutset {+Fly rN+ Int+3 Dex+5}
rPois    .         Spirit   .   N - +2 helmet {SInv}
rElec    .         Reflect  +   C - +0 cloak
rCorr    .         Harm     .   M - +0 pair of gloves
MR       .....                  (no boots)
Stlth    +.........             n - +5 amulet of reflection
Regen    0.3/turn               i - ring of protection from fire
MPRegen  0.1/turn               k - +4 ring of evasion

@: no status effects
A: no striking features
a: Minor Destruction, Renounce Religion, Evoke Flight


You were on level 8 of the Dungeon.
You worshipped Makhleb.
Makhleb was pleased with you.
You were hungry.

You visited 1 branch of the dungeon, and saw 8 of its levels.
You also visited: Ossuary.

You collected 556 gold pieces.

Inventory:

Hand Weapons
 a - a +0 long sword
 u - a +1 short sword of venom
 x - the +8 spear of Viosisch (weapon) {flame, *Slow MP-9 Int+9 SInv}
   (You found it on level 4 of the Dungeon)

   It has been specially enchanted to burn those struck by it, causing extra
   injury to most foes and up to half again as much damage against particularly
   susceptible opponents.
   It affects your intelligence (+9).
   It affects your magic capacity (-9).
   It lets you see invisible.
   It may slow you when you take damage.
 L - a +2 dagger of flaming
 O - a +2 lajatang of venom
Missiles
 F - 76 arrows
 X - 6 tomahawks of returning (quivered)
Armour
 b - a +0 scale mail
 c - a +0 shield (worn)
 C - a +0 cloak (worn)
 M - a +0 pair of gloves (worn)
 N - a +2 helmet of see invisible (worn)
 R - the +2 ring mail of Sutset (worn) {+Fly rN+ Int+3 Dex+5}
   (You found it on level 7 of the Dungeon)

   It affects your intelligence (+3).
   It affects your dexterity (+5).
   It protects you from negative energy.
   It lets you fly.
Jewellery
 f - an uncursed ring of protection from magic {unknown}
 i - a ring of protection from fire (left hand)
 k - a +4 ring of evasion (right hand)
 n - a +5 amulet of reflection (around neck)
 r - an uncursed ring of positive energy
 P - a cursed -3 ring of intelligence {unknown}
 S - an uncursed ring of positive energy
 W - an uncursed ring of see invisible {unknown}
 Y - a cursed -2 ring of strength {unknown}
Wands
 D - a wand of digging (17/24)
 G - a wand of iceblast (5/15)
 U - a wand of polymorph (14/24)
Scrolls
 g - 3 scrolls of noise {unknown}
 o - 3 scrolls of identify
 p - 2 scrolls of recharging {unknown}
 q - 4 scrolls of fear {unknown}
 s - 2 scrolls of teleportation
 t - 8 scrolls of remove curse
 v - a scroll of vulnerability {unknown}
 w - 3 scrolls of magic mapping {unknown}
 y - a scroll of amnesia {unknown}
 A - a scroll of immolation {unknown}
 E - a scroll of enchant armour {unknown}
 H - a scroll of torment {unknown}
Potions
 d - a potion of might
 e - 3 potions of degeneration {unknown}
 j - 2 potions of flight {unknown}
 l - 2 potions of mutation {unknown}
 B - a potion of ambrosia {unknown}
 I - 2 potions of brilliance {unknown}
 J - 2 potions of lignification {unknown}
 K - 2 potions of haste {unknown}
 T - a potion of heal wounds {unknown}
Comestibles
 h - 4 royal jellies
 m - 2 fruits
 z - 2 meat rations
 Q - 2 bread rations
 V - 9 chunks of flesh


   Skills:
 + Level 6.8 Fighting
 + Level 5.0 Long Blades
 + Level 8.1 Polearms
 + Level 0.3 Throwing
 + Level 6.7 Armour
 + Level 4.0 Dodging
 + Level 1.0 Stealth
 + Level 8.1 Shields


You had 9 spell levels left.
You didn't know any spells.

Dungeon Overview and Level Annotations

Branches:
Dungeon (8/15)             Temple (0/1) D:6
   Lair: D:8-11

Altars:
Ashenzari
Dithmenos
Fedhas
Gozag
Makhleb
Nemelex Xobeh
Okawaru
Qazlal
Ru
Sif Muna
Uskayaw
Yredelemnul
Zin


Message History

You block the hound's attack. x2
You puncture the hound! You burn the hound.
You kill the hound!
Makhleb accepts your kill.
You closely miss the komodo dragon.
The komodo dragon is almost dead.
You block the komodo dragon's attack.
You barely miss the komodo dragon.
The komodo dragon is almost dead.
You block the komodo dragon's attack.
You hit the komodo dragon. You burn the komodo dragon.
The komodo dragon is almost dead.
The komodo dragon barely misses you. You block the komodo dragon's attack.
The komodo dragon bites you!!
* * * LOW HITPOINT WARNING * * *
Found 12 arrows.
You feel yourself speed up. The komodo dragon bites you.
You die...

#.># #......... ##.#
#)[.......... #.#
#(#...$.....#
#.###.#?........#
#.....#.........#
#.##(.#.........#
...##..#[c.......#
######..######....#####
##.....SHl@.......
#######..########
.(....# ######.# .# .#
.. ##


You could see a komodo dragon, a hippogriff and an adder.

Vanquished Creatures
  An ugly thing (D:8)
  Eustachio (D:6)
  A human (D:2)
  Edmund (D:6)
  An acid dragon (D:8)
  An orc warrior (D:8)
  A sky beast (D:8)
  5 ogres
  2 centaurs
  3 bullfrogs
  A big kobold (D:8)
  4 elf zombies (Ossuary)
  3 scorpions
  3 killer bees (D:7)
  2 howler monkeys (D:6)
  A crimson imp (D:8)
  3 human zombies (Ossuary)
  A quasit (D:8)
  5 centaur zombies (Ossuary)
  2 hounds
  2 orc priests
  A jelly (D:6)
  7 orc wizards
  A worker ant (D:7)
  2 hound skeletons
  3 mummies (Ossuary)
  A howler monkey skeleton (D:8)
  8 adders
  7 gnolls
  A shadow imp (D:8)
  3 oozes
  An adder zombie (D:6)
  3 worms
  A dart slug (D:2)
  2 leopard geckos (D:4)
  13 orcs
  2 giant cockroaches
  7 goblins
  9 hobgoblins
  10 jackals (D:1)
  13 kobolds
  4 quokkas
  2 ball pythons
  10 bats
  5 frilled lizards
  A goblin skeleton (D:2)
  2 quokka skeletons (D:8)
  6 rats
169 creatures vanquished.

Notes
Turn   | Place    | Note
-------+----------+-------------------------------------------
     0 | D:1      | Mimshu the Hill Orc Fighter began the quest for the Orb.
     0 | D:1      | Reached XP level 1. HP: 19/19 MP: 1/1
   360 | D:1      | Reached XP level 2. HP: 24/27 MP: 2/2
   569 | D:1      | Reached XP level 3. HP: 32/33 MP: 3/3
  1112 | D:2      | Reached XP level 4. HP: 16/40 MP: 4/4
  2102 | D:2      | Found a runed door.
  2102 | D:2      | Noticed a human
  2115 | D:2      | Found a basalt altar of Yredelemnul.
  2160 | D:2      | Killed a human
  2160 | D:2      | Reached skill level 1 in Dodging
  2160 | D:2      | Reached XP level 5. HP: 25/47 MP: 5/5
  2160 | D:2      | Reached XP level 6. HP: 28/53 MP: 6/6
  3939 | D:4      | Found a sacrificial altar of Ru.
  4122 | D:4      | Found a burning altar of Makhleb.
  4140 | D:4      | Reached skill level 5 in Shields
  4390 | D:4      | Became a worshipper of Makhleb the Destroyer
  4406 | D:4      | Found a shattered altar of Ashenzari.
  4626 | D:4      | Found a shadowy altar of Dithmenos.
  4807 | D:4      | Found an iron altar of Okawaru.
  4826 | D:4      | Got a faintly glowing spear
  4827 | D:4      | Identified the +8 spear of Viosisch {flame, *Slow MP-9 Int+9 SInv} (You found it on level 4 of the Dungeon)
  4868 | D:4      | Reached XP level 7. HP: 48/60 MP: 0/7
  5022 | D:5      | Entered Level 5 of the Dungeon
  5077 | D:5      | Reached skill level 5 in Fighting
  5218 | D:5      | Reached skill level 1 in Polearms
  5218 | D:5      | Reached skill level 5 in Armour
  5418 | D:5      | Found a sparkling altar of Nemelex Xobeh.
  5433 | D:5      | Found a sand-covered staircase.
  5442 | Ossuary  | Entered an ossuary
  5490 | Ossuary  | Reached skill level 5 in Long Blades
  5633 | Ossuary  | Reached XP level 8. HP: 69/69 MP: 0/8
  5877 | D:5      | Found a stormy altar of Qazlal.
  5971 | D:6      | Reached * piety under Makhleb
  6328 | D:6      | Noticed Eustachio
  6345 | D:6      | Reached skill level 5 in Polearms
  6358 | D:6      | Killed Eustachio
  6358 | D:6      | Reached skill level 1 in Stealth
  6358 | D:6      | Reached XP level 9. HP: 75/75 MP: 0/9
  6380 | D:6      | Found a staircase to the Ecumenical Temple.
  7100 | D:6      | Noticed Edmund
  7116 | D:6      | Killed Edmund
  7333 | D:6      | Found a glowing silver altar of Zin.
  7336 | D:6      | Found a blossoming altar of Fedhas.
  7393 | D:6      | Found a hide-covered altar of Uskayaw.
  7936 | D:7      | Got a jewelled ring mail
  7938 | D:7      | Identified the +2 ring mail of Sutset {+Fly rN+ Int+3 Dex+5} (You found it on level 7 of the Dungeon)
  7965 | D:7      | Found a deep blue altar of Sif Muna.
  8371 | D:8      | Found an opulent altar of Gozag.
  8519 | D:8      | Reached ** piety under Makhleb
  8625 | D:8      | Noticed a purple ugly thing
  8643 | D:8      | Noticed a komodo dragon
  8643 | D:8      | Killed a purple ugly thing
  8643 | D:8      | Reached XP level 10. HP: 70/84 MP: 1/10
  8682 | D:8      | HP: 4/84 [komodo dragon (20)]
  8685 | D:8      | Slain by a komodo dragon

Skill      XL: |  1  2  3  4  5  6  7  8  9 10 |
---------------+-------------------------------+-----
Long Blades    | 3 4 5 |  5.0
Shields        | 4 5 6 8 |  8.1
Armour         | 4 5 6 |  6.7
Fighting       | 4 5 6 |  6.8
Dodging        | 1 2 3 4 |  4.0
Polearms       | 2 5 8 |  8.1
Stealth        | 1 |  1.0
Throwing       | |  0.3

Action                   |  1- 3 |  4- 6 |  7- 9 | 10-12 || total
-------------------------+-------+-------+-------+-------++-------
Melee: Long sword        |    87 |   228 |       |       ||   315
       Spear             |       |     9 |   302 |    27 ||   338
Throw: Throwing net      |       |     1 |       |       ||     1
       Tomahawk          |       |       |     1 |       ||     1
  Use: Scroll            |     2 |     3 |     3 |       ||     8
 Stab: Paralysed         |       |     1 |       |       ||     1
  Eat: Meat ration       |     1 |       |       |       ||     1
       Chunk             |       |     6 |     3 |       ||     9
       Bread ration      |       |     1 |     1 |       ||     2
       Royal jelly       |       |       |     1 |       ||     1
Armor: Scale mail        |    32 |    62 |    24 |       ||   118
       Ring mail         |       |       |    12 |     3 ||    15
Dodge: Dodged            |    31 |    84 |    96 |    10 ||   221
Block: Shield            |    48 |   161 |   182 |    24 ||   415
       Reflection        |       |       |     6 |       ||     6
       Rpst.: Long sword |    10 |    25 |       |       ||    35
